 Dungeon Crawl Stone Soup version 0.19-a0-811-gf4045fb (webtiles) character file.

158 HAL9000 the Ruffian (level 5, -2/42 HPs)
             Began as a Draconian Transmuter on June 27, 2016.
             Succumbed to PhazeDK's ghost's poison
             ... on level 3 of the Dungeon on June 28, 2016.
             The game lasted 00:05:35 (2532 turns).

HAL9000 the Ruffian (Draconian Transmuter)          Turns: 2532, Time: 00:05:37

Health: -2/42      AC:  6    Str: 13    XL:     5   Next: 16%
Magic:  1/8        EV: 12    Int: 14    God:
Gold:   100        SH:  0    Dex: 11    Spells: 3 memorised, 2 levels left

rFire  . . .     SeeInvis .       - Unarmed
rCold  . . .     Gourm    .     (armour unavailable)
rNeg   . . .     Faith    .     (no shield)
rPois  .         Spirit   .     (helmet restricted)
rElec  .         Dismiss  .     (no cloak)
rCorr  .         Reflect  .     p - +0 pair of gloves
SustAt .         Harm     .     (boots currently unavailable)
MR     .....                    (no amulet)
Stlth  +.........               (no ring)
                                (no ring)

@: lethally poisoned (-2 -> -45), appendage (expiring), not resistant to hostile
enchantments, very unstealthy
A: unfitting armour, talons 3, cold-blooded, AC +5
a: End Transformation


You were on level 3 of the Dungeon.
You were not hungry.
You had grown temporary talons.
You visited 1 branch of the dungeon, and saw 3 of its levels.

You collected 100 gold pieces.

Inventory:

Missiles
 a - 6 arrows
Armour
 p - a +0 pair of gloves (worn)
Scrolls
 e - a scroll of blinking {unknown}
 g - a scroll of identify {unknown}
 i - a scroll of remove curse {unknown}
 j - 2 scrolls of amnesia {unknown}
 q - 2 scrolls of enchant armour {unknown}
 r - a scroll of recharging {unknown}
 s - a scroll of fear {unknown}
Potions
 d - 2 potions of berserk rage {unknown}
 f - 2 potions of mutation {unknown}
 k - a potion of curing {unknown}
 m - a potion of might {unknown}
 t - a potion of degeneration {unknown}
 u - a potion of invisibility {unknown}
Books
 b - a book of Changes

   Spells                             Type                      Level
   a - Beastly Appendage              Transmutation                1
   b - Sticks to Snakes               Transmutation                2
   c - Spider Form                    Transmutation/Poison         3
   d - Ice Form                       Ice/Transmutation            4
   e - Blade Hands                    Transmutation                5
Comestibles
 c - 3 bread rations
 h - a royal jelly
 l - a beef jerky
 o - a meat ration


   Skills:
 + Level 2.6 Fighting
 - Level 1.7 Dodging
 + Level 4.0 Unarmed Combat
 + Level 2.4 Spellcasting
 * Level 3.7 Transmutations


You had 2 spell levels left.
You knew the following spells:

 Your Spells              Type           Power        Failure   Level  Hunger
a - Beastly Appendage     Tmut           ##....       6%          1    #......
b - Sticks to Snakes      Tmut           ##......     10%         2    ###....
c - Spider Form           Tmut/Pois      #.........   38%         3    ###....


Dungeon Overview and Level Annotations

Branches:
Dungeon (3/15)

Altars:
Elyvilon


Innate Abilities, Weirdness & Mutations

Your plain brown scales are hard. (AC +5)
Your body does not fit into most forms of armour.
You are cold-blooded and may be slowed by cold attacks.
You have claws for feet.


Message History

Unknown command.
You hit PhazeDK's ghost. You claw PhazeDK's ghost.
PhazeDK's ghost is almost destroyed.
* * * LOW HITPOINT WARNING * * *
You feel very sick.
Your adder bites PhazeDK's ghost.
The goblin closely misses you. PhazeDK's ghost casts a spell at you.
The magic dart hits you!
* * * LOW HITPOINT WARNING * * *
You hit PhazeDK's ghost but do no damage.
Your kick misses PhazeDK's ghost. You punch PhazeDK's ghost.
You destroy PhazeDK's ghost!
Your Unarmed Combat skill increases to level 4!
You have reached level 5!
* * * LOW HITPOINT WARNING * * *
You feel very sick. The goblin closely misses you.
You hit the goblin.
You kill the goblin!
You die...

## .# .# # .#.#
.#.# ...
###.#####.#
.......<@.#
........S)......
###.##.#..######
# #..<..#
####..# ...#
.... ..###


You could see a friendly adder.

Vanquished Creatures
  The ghost of PhazeDK the Conjurer, an amateur OpCj (D:3)
  2 adders (D:2)
  3 dart slugs
  3 giant geckos (D:2)
  A ball python (D:1)
  8 bats
  5 giant cockroaches
  5 goblins
  5 hobgoblins
  3 giant newts
  9 kobolds
  9 rats
54 creatures vanquished.

Vanquished Creatures (collateral kills)
  A worm (D:2)
1 creature vanquished.

Vanquished Creatures (others)
  A bat (D:2)
1 creature vanquished.

Grand Total: 56 creatures vanquished

Notes
Turn   | Place    | Note
--------------------------------------------------------------
     0 | D:1      | HAL9000 the Draconian Transmuter began the quest for the Orb.
     0 | D:1      | Reached XP level 1. HP: 16/16 MP: 3/3
   508 | D:1      | Reached XP level 2. HP: 22/24 MP: 3/5
  1641 | D:2      | Reached XP level 3. HP: 29/29 MP: 4/6
  1643 | D:2      | Found a white marble altar of Elyvilon.
  1804 | D:2      | Learned a level 2 spell: Sticks to Snakes
  1849 | D:2      | Learned a level 3 spell: Spider Form
  2201 | D:2      | Reached XP level 4. HP: 20/36 MP: 4/7
  2435 | D:2      | Upgraded the game from 0.19-a0-805-g0a78ef0 to 0.19-a0-811-gf4045fb
  2516 | D:3      | Noticed PhazeDK's ghost (amateur OpCj)
  2531 | D:3      | Killed PhazeDK's ghost
  2531 | D:3      | Reached skill level 4 in Unarmed Combat
  2531 | D:3      | Reached XP level 5. HP: 5/42 MP: 1/8
  2531 | D:3      | HP: 2/42 [poisoned by PhazeDK's ghost]
  2532 | D:3      | Succumbed to PhazeDK's ghost's poison

Vault maps used:
D:1:      co_arrival_random_square_maze
D:2:      elyvilon_altar_4, solitary_fountain
D:3:      marbit_many_paths, st_stairs_11, eino_curves_01

Skill      XL: |  1  2  3  4 |
---------------+-------------+-----
Fighting       | 2 |  2.6
Transmutations | 3 |  3.7
Unarmed Combat | 4 |  4.0
Dodging        | |  1.7
Spellcasting   | |  2.4

Action                   |  1- 3 |  4- 6 || total
-------------------------+-------+-------++-------
Melee: Unarmed           |   187 |    33 ||   220
       Headbutt          |     8 |       ||     8
       Kick              |    11 |     3 ||    14
       Tailslap          |    13 |     1 ||    14
       Punch             |     3 |     2 ||     5
 Cast: Beastly Appendage |    18 |     2 ||    20
       Sticks to Snakes  |     3 |     3 ||     6
 Stab: Sleeping          |     1 |       ||     1
  Eat: Chunk             |     5 |     1 ||     6
Armor: Skin              |    72 |    21 ||    93
Dodge: Dodged            |   158 |    19 ||   177
